AoeStats
← Moge

Hideout

508764692Analyzed
1v1 RM · 7d ago on Sep 24, 2026· 37m 3s· 2 players
Game mode
Random Map
Map size
Tiny (2 player)
Population
200
Speed
Normal
Resources
Standard
Victory
Conquest
Starting age
Dark Age
Ending age
Imperial Age
RankedLock teamsTeams togetherTeam positionsShared explorationLock speedFull tech treeHidden civsTurbo modeCheats
Victory
Defeat
🇺🇸 Mongols · United States
1006
+14
🇦🇷 Burgundians · Argentina
964
-14
elrisas
11:43 Feudal Age
10:48 Double-Bit Axe
12:56 Town Watch
16:18 Castle Age
15:26 Wheelbarrow
15:04 Bow Saw
15:50 Stone Mining
20:35 Horse Collar
26:19 Hand Cart
27:23 Gold Mining
27:37 Loom
32:11 Imperial Age
29:53 Fletching
29:28 Elite Skirmisher
30:17 Pikeman
31:00 Scale Mail Armor
31:11 Forging
31:31 Bodkin Arrow
31:40 Padded Archer Armor
33:20 Conscription
33:21 Chain Mail Armor
34:00 Bracer
35:15 Leather Archer Armor
Moge
8:32 Feudal Age
9:00 Double-Bit Axe
10:34 Loom
15:23 Castle Age
13:35 Horse Collar
19:56 Heavy Plow
21:37 Wheelbarrow
22:22 Town Watch
24:23 Town Patrol
25:13 Fletching
28:33 Imperial Age
27:03 Gold Mining
27:39 Bloodlines
28:46 Hand Cart
28:55 Scale Barding Armor
31:38 Gold Shaft Mining
31:42 Husbandry
32:48 Conscription
32:49 Bodkin Arrow
33:15 Chain Barding Armor
33:19 Ballistics
33:59 Chemistry
33:30 Thumb Ring
37:16 Bracer
37:00 Heavy Cavalry Archer
Connection lost

Rejoining the realm…

Still unreachable

The connection could not be restored.

Session expired

The server has moved on; the page needs a fresh start.